 Dungeon Crawl Stone Soup version 0.13-a0-2682-gb26bf1a (webtiles) character file.

427 Rycklaryybbe the Sneak (level 6, -5/43 HPs)
             Began as an Octopode Fighter on Aug 13, 2013.
             Slain by a centaur (7 damage)
             ... on Level 4 of the Dungeon.
             The game lasted 00:09:10 (3043 turns).

Rycklaryybbe the Sneak (Octopode Fighter)           Turns: 3043, Time: 00:09:12

HP  -5/43        AC  1     Str 15      XL: 6   Next: 20%
MP   5/5         EV 10     Int 11      God:
Gold 162         SH 17     Dex 13      Spells:  0 memorised,  5 levels left

Res.Fire  : . . .   See Invis. : .   y - +0 short sword
Res.Cold  : . . .   Warding    : .   c - +0 shield
Life Prot.: . . .   Conserve   : .   (helmet restricted)
Res.Poison: .       Res.Corr.  : .   (no amulet)
Res.Elec. : .       Clarity    : .   (no ring)
Sust.Abil.: . .     Spirit.Shd : .   (no ring)
Res.Mut.  : .       Stasis     : .   (no ring)
Res.Rott. : .       Flight     : .   (no ring)
Saprovore : . . .                    (no ring)
                                     (no ring)
                                     (no ring)
                                     (no ring)

@: slightly resistant to hostile enchantments, very stealthy
A: almost no armour, amphibious, 8 rings, constrict 8, spike 1, camouflage 1,
herbivore 1, slow healing 1, AC +1
a: no special abilities


You were on level 4 of the Dungeon.
You were not hungry.

You visited 1 branch of the dungeon, and saw 4 of its levels.

You collected 142 gold pieces.

Inventory:

Hand weapons
 a - a +0,+0 mace
 l - a +2,+0 elven spear (quivered)
 y - a +0,+0 short sword (weapon)
Missiles
 i - 73 arrows
 A - 11 darts of frost
Armour
 c - a +0 shield (worn)
Comestibles
 d - 3 bread rations
 h - a meat ration
 o - 2 oranges
 r - a choko
 s - a chunk of rat flesh
 B - a rotting chunk of giant cockroach flesh
Scrolls
 b - 2 scrolls of fear {unknown}
 e - 3 scrolls of identify {unknown}
 g - a scroll of enchant armour {unknown}
 m - 3 scrolls of remove curse {unknown}
 q - a scroll of enchant weapon II {unknown}
 w - 2 scrolls of teleportation {unknown}
 z - a scroll of amnesia {unknown}
Jewellery
 u - an uncursed ring of poison resistance {unknown}
 x - an uncursed amulet of conservation {unknown}
Potions
 f - a potion of beneficial mutation {unknown}
 j - a potion of mutation
 k - a potion of magic {unknown}
 n - 3 potions of curing {unknown}
 p - a potion of restore abilities {unknown}
 t - a potion of speed {unknown}
 C - a potion of invisibility {unknown}
 D - a potion of heal wounds {unknown}


   Skills:
 - Level 3.0 Fighting
 + Level 2.1 Short Blades
 - Level 2.2 Maces & Flails
 - Level 3.0 Dodging
 - Level 7.5 Stealth
 - Level 3.0 Shields


You had 5 spell levels left.
You didn't know any spells.

Dungeon Overview and Level Annotations

Branches:
Dungeon (4/27)
 Temple: D:4-7

Altars:
Nemelex Xobeh

Annotations
D:3 tesudzi's ghost, average KoWn


Innate Abilities, Weirdness & Mutations

You cannot wear most types of armour.
You are amphibious.
You can wear up to eight rings at the same time.
You can use your tentacles to constrict many enemies at once.
Your skin changes colour to match your surroundings (Stlth).
Your rubbery body absorbs attacks (AC +1).
One of your tentacles bears a spike.
You digest meat inefficiently.
You heal slowly.


Message History

The centaur misses you.
You hit the centaur.
The centaur is heavily wounded.
The centaur hits you!
* * * LOW HITPOINT WARNING * * *
You block the centaur's attack.
Drink which item? (? for menu, Esc to quit)
Okay, then.
Drink which item? (? for menu, Esc to quit)
You feel extremely strange.
One of your lower tentacles grows a sharp spike.
You hunger for vegetation.
You begin to heal more slowly.
It was a potion of mutation.
The centaur closely misses you.
You hit the centaur.
You pierce the centaur.
You squeeze the centaur, but do no damage.
The centaur is severely wounded.
The centaur hits you!
* * * LOW HITPOINT WARNING * * *
The centaur hits you!
You die...

.....###(........#
. #.........#
#.........#
#.........#
#.........#
########.## #.#
#################.#
........<.......@c#
###################


You could see a centaur.

Vanquished Creatures
  A giant frog (D:3)
  An orc priest (D:3)
  A hound (D:4)
  A worker ant (D:3)
  3 adders
  A giant mite (D:3)
  2 worms
  3 giant geckos
  2 oozes (D:2)
  6 orcs (D:3)
  A ball python (D:3)
  7 goblins
  5 hobgoblins
  8 jackals
  7 kobolds
  A quokka (D:2)
  4 bats
  4 giant cockroaches
  5 giant newts
  A kobold skeleton (D:4)
  5 rats
69 creatures vanquished.

Notes
Turn   | Place    | Note
--------------------------------------------------------------
     0 | D:1      | Rycklaryybbe, the Octopode Fighter, began the quest for the Orb.
     0 | D:1      | Reached XP level 1. HP: 16/16 MP: 0/0
    37 | D:1      | Found a sparkling altar of Nemelex Xobeh.
   253 | D:1      | Reached skill level 1 in Stealth
   536 | D:1      | Reached XP level 2. HP: 18/21 MP: 1/1
  1163 | D:2      | Reached XP level 3. HP: 27/27 MP: 2/2
  1246 | D:2      | Reached skill level 4 in Stealth
  1576 | D:2      | Reached skill level 5 in Stealth
  1631 | D:2      | Reached XP level 4. HP: 27/32 MP: 3/3
  2079 | D:3      | Reached skill level 6 in Stealth
  2083 | D:3      | Reached XP level 5. HP: 33/36 MP: 4/4
  2288 | D:3      | Noticed a giant frog
  2292 | D:3      | Killed a giant frog
  2292 | D:3      | Reached skill level 7 in Stealth
  2590 | D:3      | Reached skill level 1 in Short Blades
  2590 | D:3      | Reached XP level 6. HP: 14/43 MP: 5/5
  2621 | D:3      | Noticed tesudzi's ghost (average KoWn)
  3042 | D:4      | Gained mutation: One of your tentacles bears a spike. [potion of mutation]
  3042 | D:4      | Gained mutation: You digest meat inefficiently. [potion of mutation]
  3042 | D:4      | Gained mutation: You heal slowly. [potion of mutation]
  3043 | D:4      | HP: 2/43 [centaur (9)]
  3043 | D:4      | Slain by a centaur

Action                   |  1- 3 |  4- 6 || total
-------------------------+-------+-------++-------
Melee: Mace              |    58 |    48 ||   106
       Short sword       |       |    37 ||    37
Throw: Spear             |     1 |       ||     1
  Use: Potion            |       |     1 ||     1
 Stab: Sleeping          |     9 |     9 ||    18
